 Dungeon Crawl Stone Soup version 0.31-a0-705-ga145531891 (webtiles) character file.

Game seed: 17949118075335032046

3 BlueFish the Grasshopper (level 1, 0/1 HPs)
             Began as an Octopode Warper on Sept 10, 2023.
             Slain by a bat (1 damage)
             ... on level 1 of the Dungeon.
             The game lasted 00:00:39 (193 turns).

BlueFish the Grasshopper (Octopode Warper)           Turns: 193, Time: 00:00:40

Health: 0/1        AC:  1    Str: 10    XL:     1   Next: 50%
Magic:  3/3        EV: 13    Int: 15    God:
Gold:   10         SH:  0    Dex: 11    Spells: 4/4 levels left

rFire   . .          .
                       - Unarmed
rCold   + . .        (no shield)
rNeg    + + +        (helmet restricted)
rPois   ∞            (no amulet)
rElec   .            (no ring)
rCorr   .            (no ring)
SInv    .            (no ring)
Will    +....        (no ring)
Stlth   ++           (no ring)
HPRegen 0.20/turn    (no ring)
MPRegen 0.08/turn    (no ring)
                     (no ring)

%: no passive effects
@: death-form
A: vile attack, torment immunity, no potions, reduced hp, almost no armour,
amphibious, 8 rings, camouflage 1, gelatinous body 1, (nimble swimmer 1),
tentacles
a: Siphon Essence, Begin Untransformation


You were on level 1 of the Dungeon.
You were an undying horror.
You visited 1 branch of the dungeon, and saw 1 of its levels.

You collected 10 gold pieces.

Inventory:

Missiles
 b - 7 darts of dispersal (quivered)
Talismans
 c - a talisman of death (active)
Scrolls
 a - a scroll of blinking


   Skills:
 + Level 2.0 Fighting
 + Level 1.1 Throwing
 + Level 2.3 Dodging
 * Level 0.1 Stealth
 + Level 2.0 Unarmed Combat
 + Level 2.0 Spellcasting
 + Level 3.0 Translocations
 * Level 0.0 Shapeshifting


You had 4 spell levels left.
You didn't know any spells.
Your spell library contained the following spells:

 Spells                   Type           Power      Damage    Failure   Level
 Blink                    Tloc           20%        N/A       10%         2
 Lesser Beckoning         Tloc           20%        N/A       10%         2
 Teleport Other           Tloc           10%        N/A       19%         3
 Manifold Assault         Tloc           10%        N/A       54%         4
 Vhi's Electric Charge    Tloc/Air       12%        N/A       75%         4


Dungeon Overview and Level Annotations

Branches:
Dungeon (1/15)

Altars:


Innate Abilities, Weirdness & Mutations

You are an undying horror.
Your melee and unarmed attacks drain, slow and weaken victims.
You are immune to unholy pain and torment.
You cannot drink.
Your maximum health is decreased, since you lack skill for your form.
You are immune to poison.
You cannot wear most types of armour.
You are amphibious.
You can wear up to eight rings at the same time.
Your skin changes colour to match your surroundings (Stealth+).
Your rubbery body absorbs attacks. (AC +1, EV +1)
((You are camouflaged when in or above water. (Stealth+)))
You have tentacles for arms and can constrict up to eight enemies at once.


Message History

Found an encrusted opal ring.
There is a faded altar of an unknown god here.
A frilled lizard comes into view.
A goblin comes into view. It is wielding a +0 dagger.
You see here a ring of fire.
You barely miss the frilled lizard. Your grab misses the frilled lizard.
You squeeze the frilled lizard.
You kill the frilled lizard!
Found a talisman of death.
The helpless goblin fails to defend itself.
You tentacle-slap the goblin. Your grab misses the goblin.
The goblin is moderately wounded.
The goblin hits you with a +0 dagger.
You barely miss the goblin. You grab the goblin.
You tentacle-slap the goblin, but do no damage.
You squeeze the goblin.
You kill the goblin!
You see here a +0 dagger.
You see here a talisman of death.
c - a talisman of death You begin transforming.
You continue transforming. x3
Your flesh twists and warps into a mockery of life!
HP restored.
d - a ring of fire You drop a ring of fire.
You see here a +0 dagger.
An endoplasm comes into view.
An endoplasm is nearby!
The helpless endoplasm fails to defend itself.
You bludgeon the endoplasm!
You kill the endoplasm!
You open the door.
There is an open door here.
A bat comes into view.
Found 2 grey potions.
The bat misses you. The bat barely misses you. The bat barely misses you.
The bat hits you.
Ouch! That really hurt!
You die...

..###'####.# #.#.#
#.##.....#.# #.#.#
#.##.....#.# #.#.#
#.##.....#.# #.#.#
#.##.....#.# #.#.#
##.##.....#.# #)#.#
#......####.#######.#.#
#..###### #.##......#.#
#.....z.# #.##.####.#..
#.#####b# #.#....#..###
#. .# #.#..#.#.#... #.
.# #.####..##... ## .#
#......#P.=.P ##
#####.##..... #.##PP...
#...##..P ######.P.


You could see a bat.

Vanquished Creatures
  An endoplasm (D:1)
  A goblin (D:1)
  A frilled lizard (D:1)
3 creatures vanquished.

Notes
Turn   | Place    | Note
-------+----------+-------------------------------------------
     0 | D:1      | BlueFish the Octopode Warper began the quest for the Orb.
     0 | D:1      | Reached XP level 1. HP: 14/14 MP: 3/3
    51 | D:1      | Found a faded altar of an unknown god.
   193 | D:1      | Slain by a bat

Illustrated notes

Levels and vault maps discovered:
D:1:      lemuel_arrival_hallway, layout_basic, shapermc_ecumenical_altar_gd

Action                     || total
---------------------------++-------
  Melee: Unarmed           ||     5
         Constrict         ||     2
         Tentacles         ||     2
         Punch             ||     1
   Stab: Sleeping          ||     2
 Armour: Skin              ||     2
  Dodge: Dodged            ||     3
   Form: Death             ||     1

Table legend: (Time is in decaauts)
 A = Elapsed time spent in this place.
 B = Non-inter-level travel time spent in this place.
 C = Inter-level travel time spent in this place.
 D = Time resting spent in this place.
 E = Time spent auto-exploring this place.
 F = Levels seen in this place.
 G = Mean time per level.
                   A        B        C        D        E       F      G
               +--------+--------+--------+--------+--------+-----+--------+
         Total |    192 |    192 |      0 |      0 |     71 |   1 |  192.0 |
       Dungeon |    192 |    192 |      0 |      0 |     71 |   1 |  192.0 |
               +--------+--------+--------+--------+--------+-----+--------+

Top non-repeatable levels by time:
     D:1: 192 daAuts
